 Dungeon Sprint DCSS version 0.18.1-48-g4cf74bf (webtiles) character file.

624 Joat the Thaumaturge (level 7, -12/36 HPs)
             Began as a Deep Elf Summoner on Aug 15, 2016.
             Was an Elder of Sif Muna.
             Shot with an arrow by a centaur warrior (21 damage)
             ... in the Dungeon (Sprint I: "Red Sonja").
             The game lasted 00:19:04 (738 turns).

Joat the Thaumaturge (Deep Elf Summoner)             Turns: 738, Time: 00:19:07

Health: -12/36     AC:  2    Str:  5    XL:     7   Next: 22%
Magic:  6/23       EV: 13    Int: 22    God:    Sif Muna [****..]
Gold:   405        SH:  0    Dex: 15    Spells: 5 memorised, 13 levels left

rFire  . . .     SeeInvis .     n - +0 whip
rCold  . . .     Gourm    .     m - +0 robe
rNeg   . . .     Faith    .     (no shield)
rPois  .         Spirit   .     (no helmet)
rElec  .         Dismiss  .     (no cloak)
rCorr  .         Reflect  .     (no gloves)
SustAt .         Harm     .     (no boots)
MR     .....     NoTele   +     (no amulet)
Stlth  ++........               (no ring)
                                (no ring)

@: not resistant to hostile enchantments, unstealthy
A: no striking features
a: Channel Energy, Forget Spell, Renounce Religion


You were in the Dungeon.
You worshipped Sif Muna.
Sif Muna was greatly pleased with you.
You were not hungry.

You visited 1 branch You collected 405 gold pieces.

Inventory:

Hand Weapons
 l - a +0 scythe
 n - a +0 whip (weapon)
Armour
 a - a +0 robe
 j - a +0 buckler
 k - a cursed +0 leather armour
 m - a +0 robe (worn)
Scrolls
 i - a scroll of blinking
Potions
 d - a potion of curing
 e - a potion of heal wounds
 f - a potion of haste
 g - 2 potions of magic
 h - a potion of berserk rage
Books
 b - a book of Callings

   Spells                             Type                      Level
   a - Summon Small Mammal            Summoning                    1
   b - Call Imp                       Summoning                    2
   c - Call Canine Familiar           Summoning                    3
   d - Summon Guardian Golem          Hexes/Summoning              3
   e - Summon Lightning Spire         Summoning/Air                4
   f - Summon Ice Beast               Ice/Summoning                4
Comestibles
 c - a bread ration


   Skills:
 - Level 3.0 Dodging
 - Level 2.5 Stealth
 + Level 11.3 Spellcasting
 - Level 4.6 Hexes
 + Level 10.8 Summonings
 + Level 6.6 Ice Magic
 + Level 6.0 Air Magic


You had 13 spell levels left.
You knew the following spells:

 Your Spells              Type           Power        Failure   Level  Hunger
a - Summon Small Mammal   Summ           ####         1%          1    None
b - Call Canine Familiar  Summ           ######..     1%          3    None
c - Summon Guardian Gole  Hex/Summ       #####...     1%          3    None
d - Summon Ice Beast      Ice/Summ       ######..     1%          4    #......
e - Summon Lightning Spi  Summ/Air       #####...     1%          4    #......


Dungeon Overview and Level Annotations

Branches:
Dungeon (1/1)

Altars:
Cheibriados
Dithmenos
Elyvilon
Fedhas
Gozag
Kikubaaqudgha
Makhleb
Nemelex Xobeh
Okawaru
Pakellas
Qazlal
Ru
Sif Muna
Trog
Vehumet
Xom
Yredelemnul
Zin
The Shining One
Jiyva

Shops:
D (


Message History

The arrow hits you!!
Ouch! That really hurt!
* * * LOW HITPOINT WARNING * * *
A centaur warrior comes into view. It is wielding a longbow.
You see here an arrow.
Casting: Summon Ice Beast
Confirm with . or Enter, or press ? or * to list all spells.
A chill wind blows around you.
The centaur warrior unwields an uncursed longbow.
The centaur warrior hits your ice beast.
Your ice beast disappears in a puff of smoke!
Your ice beast barely misses the centaur warrior.
There is an open door here.
You swap places.
Your lightning spire disappears in a puff of smoke!
The centaur warrior wields an uncursed longbow.
The centaur warrior shoots an arrow.
The arrow misses your ice beast. The arrow hits you!!
Ouch! That really hurt!
You die...

##########################
#<.#..'..#..'..#__#..))..#
#.÷'.)#..'..#.@'..'..#...#
#..#####'#####Y#__####...+
#..####..#...#(#### #####
#..#__####..##c#§§§
#..#_.___##'#.Yc§§§§§
#⌠⌠#_.∩...'...§#≈≈≈§c
####_..._##_.#+##+###
#_____###+# #######


You could see 2 centaur warriors and 2 friendly ice beasts.

Vanquished Creatures (collateral kills)
  2 kobold demonologists (D)
  A slime creature (D)
  Sigmund (D)
  A yak (D)
  A giant eyeball (D)
  An ogre (D)
  A jelly (D)
  Ijyb (D)
9 creatures vanquished.

Notes
Turn   | Place    | Note
--------------------------------------------------------------
     0 | D        | Joat the Deep Elf Summoner began the quest for the Orb.
     0 | D        | Reached XP level 1. HP: 10/10 MP: 6/6
     1 | D        | Noticed Ijyb
    21 | D        | Killed Ijyb
    21 | D        | Reached XP level 2. HP: 12/15 MP: 1/8
    82 | D        | Noticed an ogre
    95 | D        | Killed an ogre
    95 | D        | Reached skill level 6 in Spellcasting
    95 | D        | Reached XP level 3. HP: 19/19 MP: 2/13
   111 | D        | Learned a level 3 spell: Call Canine Familiar
   115 | D        | Learned a level 3 spell: Summon Guardian Golem
   189 | D        | Noticed Sigmund
   225 | D        | Killed Sigmund
   225 | D        | Reached skill level 8 in Spellcasting
   225 | D        | Reached XP level 4. HP: 24/24 MP: 3/16
   263 | D        | Learned a level 4 spell: Summon Ice Beast
   268 | D        | Learned a level 4 spell: Summon Lightning Spire
   311 | D        | Found a deep blue altar of Sif Muna.
   330 | D        | Reached skill level 1 in Ice Magic
   330 | D        | Reached skill level 1 in Air Magic
   330 | D        | Reached XP level 5. HP: 28/28 MP: 10/17
   332 | D        | Found a radiant altar of Vehumet.
   341 | D        | Became a worshipper of Sif Muna the Loreminder
   380 | D        | Found Qaured's Weapon Emporium.
   380 | D        | Found a white marble altar of Elyvilon.
   380 | D        | Found a stormy altar of Qazlal.
   380 | D        | Found a burning altar of Makhleb.
   380 | D        | Found a sacrificial altar of Ru.
   380 | D        | Found an oddly glowing altar of Pakellas.
   380 | D        | Found a basalt altar of Yredelemnul.
   380 | D        | Found a glowing golden altar of the Shining One.
   380 | D        | Found a sparkling altar of Nemelex Xobeh.
   380 | D        | Found a shimmering altar of Xom.
   380 | D        | Found an opulent altar of Gozag.
   380 | D        | Found an ancient bone altar of Kikubaaqudgha.
   380 | D        | Found a glowing silver altar of Zin.
   380 | D        | Noticed a yak
   389 | D        | Killed a yak
   389 | D        | Reached * piety under Sif Muna
   389 | D        | Reached skill level 9 in Spellcasting
   391 | D        | Found an iron altar of Okawaru.
   394 | D        | Found a bloodstained altar of Trog.
   471 | D        | Found a snail-covered altar of Cheibriados.
   471 | D        | Found a viscous altar of Jiyva.
   471 | D        | Found a shadowy altar of Dithmenos.
   471 | D        | Found a blossoming altar of Fedhas.
   471 | D        | Noticed a slime creature
   476 | D        | Killed a slime creature
   476 | D        | Reached ** piety under Sif Muna
   476 | D        | Reached XP level 6. HP: 32/32 MP: 3/20
   591 | D        | Noticed a kobold demonologist
   591 | D        | Noticed a giant eyeball
   592 | D        | Noticed a kobold demonologist
   595 | D        | Killed a giant eyeball
   595 | D        | Reached *** piety under Sif Muna
   595 | D        | Reached skill level 10 in Spellcasting
   595 | D        | Reached skill level 10 in Summonings
   595 | D        | Reached skill level 5 in Ice Magic
   598 | D        | Noticed a smoke demon
   603 | D        | Noticed a rust devil
   607 | D        | Killed a kobold demonologist
   607 | D        | Reached skill level 5 in Air Magic
   610 | D        | Noticed a soul eater
   611 | D        | Killed a kobold demonologist
   611 | D        | Reached **** piety under Sif Muna
   611 | D        | Reached skill level 11 in Spellcasting
   611 | D        | Reached XP level 7. HP: 29/36 MP: 4/23
   725 | D        | Noticed a centaur warrior
   736 | D        | Noticed a centaur warrior
   738 | D        | Shot with an arrow by a centaur warrior

Skill      XL: |  1  2  3  4  5  6 |
---------------+-------------------+-----
Dodging        | 3 |  3.0
Summonings     | 6 7 8 9 10 | 10.8
Spellcasting   | 6 8 9 11 | 11.3
Hexes          | 4 |  4.6
Ice Magic      | 1 4 6 |  6.6
Air Magic      | 1 4 6 |  6.0
Stealth        | |  2.5

Action                   |  1- 3 |  4- 6 |  7- 9 || total
-------------------------+-------+-------+-------++-------
 Cast: Summon Small Mamm |    19 |       |       ||    19
       Call Canine Famil |     2 |     3 |       ||     5
       Summon Guardian G |     1 |     3 |       ||     4
       Summon Ice Beast  |       |     6 |     4 ||    10
       Summon Lightning  |       |     4 |     1 ||     5
Armor: Robe              |       |     1 |       ||     1
Dodge: Dodged            |     4 |     1 |       ||     5
